 Dungeon Crawl Stone Soup version 0.28-a0-384-g9e0c098162 (webtiles) character file.

Game seed: 12991366499763766551

25 SolCadguy the Chopper (level 2, 0/23 HPs)
             Began as a Palentonga Warper on Sept 2, 2021.
             Succumbed to an adder's poison
             ... on level 2 of the Dungeon.
             The game lasted 00:01:38 (1126 turns).

SolCadguy the Chopper (Palentonga Warper)           Turns: 1126, Time: 00:01:39

Health: 0/23       AC:  4    Str: 14    XL:     2   Next: 86%
Magic:  5/5        EV:  9    Int: 13    God:
Gold:   56         SH:  0    Dex:  9    Spells: 3/5 levels left

rFire   . . .      SeeInvis +   e - +1 dagger (speed)
rCold   . . .      Faith    .   (no shield)
rNeg    . . .      Spirit   .   b - +0 leather armour
rPois   .          Reflect  .   (no helmet)
rElec   .          Harm     .   (no cloak)
rCorr   .          Rampage  .   (no gloves)
Will    .....                   (no barding)
Stlth   +.........              (no amulet)
HPRegen 0.07/turn               (no ring)
MPRegen 0.09/turn               (no ring)

@: lethally poisoned (0 -> -3), weak-willed
A: large, rugged brown scales 3, see invisible, deformed body, roll 1, armoured
tail
a: Rolling Charge


You were on level 2 of the Dungeon.
You visited 1 branch of the dungeon, and saw 2 of its levels.

You collected 56 gold pieces.

Inventory:

Hand Weapons
 a - a +0 hand axe
 e - a +1 dagger of speed (weapon)
 j - a +2 dagger of venom
Missiles
 d - 5 boomerangs of dispersal (quivered)
 g - 19 stones
Armour
 b - a +0 leather armour (worn)
Jewellery
 i - an amulet of faith
Scrolls
 c - a scroll of blinking
 h - a scroll of amnesia {unknown}
 k - a scroll of fog {unknown}


   Skills:
 - Level 2.0 Fighting
 + Level 3.4 Axes
 - Level 0.6 Throwing
 - Level 0.7 Armour
 - Level 1.5 Dodging
 - Level 2.0 Spellcasting
 - Level 3.0 Translocations


You had 3 spell levels left.
You knew the following spells:

 Your Spells              Type           Power      Damage    Failure   Level
a - Blink                 Tloc           N/A        N/A       14%         2

Your spell library contained the following spells:

 Spells                   Type           Power      Damage    Failure   Level
 Gell's Gravitas          Tloc           4%         N/A       28%         3
 Lesser Beckoning         Tloc           9%         N/A       28%         3
 Teleport Other           Tloc           9%         N/A       28%         3
 Manifold Assault         Tloc           9%         N/A       95%         5


Dungeon Overview and Level Annotations

Branches:
Dungeon (2/15)

Altars:


Innate Abilities, Weirdness & Mutations

You are completely covered in rugged brown scales. (AC +3, +7% HP)
You have supernaturally acute eyesight. (SInv)
Armour fits poorly on your strangely shaped body.
You can roll at nearby foes to attack.
You have a long armoured tail.


Message History

You miss the adder. The adder closely misses you.
You miss the adder.
Your tail-slap misses the adder.
You feel sick. The adder barely misses you.
You miss the adder. The adder bites you but does no damage.
You closely miss the adder.
You feel sick. The adder bites you but does no damage.
You closely miss the adder.
Your tail-slap misses the adder.
You feel sick.
You are no longer poisoned.
The adder closely misses you.
You closely miss the adder. You closely miss the adder. The adder bites you.
* * * LOW HITPOINT WARNING * * *
You miss the adder. The adder bites you but does no damage.
You hit the adder. You tail-slap the adder!
The adder is almost dead.
The adder barely misses you.
You completely miss the adder.
Your tail-slap misses the adder.
The adder is almost dead.
The adder bites you.
* * * LOW HITPOINT WARNING * * *
You are lethally poisoned!
The adder poisons you!
You hit the adder.
You kill the adder!
* * * LOW HITPOINT WARNING * * *
You feel sick.
The kobold throws a stone.
The stone hits you but does no damage.
You aren't carrying any potions.
Unknown command.
You aren't carrying any potions.
You hit the rat.
You kill the rat!
* * * LOW HITPOINT WARNING * * *
You feel sick.
The kobold throws a stone.
The stone closely misses you.
* * * LOW HITPOINT WARNING * * *
You feel sick.
Okay, then.
As you read the scroll labelled SELIUQ GAG WAP, it crumbles to dust.
Magic quickly surges around you.
It was a scroll of vulnerability.
You die...

#.............#
#..# #..# #..#
#..#######
#.........
##K####### #.#
#@# # #.#
....####.#
.......<.#
##########


You could see a kobold (weak-willed).

Vanquished Creatures
  An adder (D:2)
  A dart slug (D:1)
  A ball python (D:1)
  A bat (D:1)
  An endoplasm (D:1)
  A giant cockroach (D:1)
  A goblin (D:1)
  3 kobolds (D:1)
  A quokka (D:1)
  3 rats
14 creatures vanquished.

Notes
Turn   | Place    | Note
-------+----------+-------------------------------------------
     0 | D:1      | SolCadguy the Palentonga Warper began the quest for the
                  | Orb.
     0 | D:1      | Reached XP level 1. HP: 17/17 MP: 3/3
   504 | D:1      | Reached XP level 2. HP: 18/23 MP: 5/5
   507 | D:1      | Learned a level 2 spell: Blink
  1025 | D:1      | Found a faded altar of an unknown god.
  1125 | D:2      | HP: 1/23 [poisoned by an adder]
  1126 | D:2      | Succumbed to an adder's poison

Illustrated notes

Levels and vault maps discovered:
D:1:      dpeg_arrival_connections, layout_loops_ring,
          shapermc_ecumenical_altar_hornbeckon, corexii_leaking_fountain,
          minmay_liquid_box
D:2:      layout_loops_ring, minmay_misc_feat_encased, st_stairs_10,
          minmay_pentomino_t4

Skill      XL: |  1  2 |
---------------+-------+-----
Axes           | 3 |  3.4
Fighting       | |  2.0
Throwing       | |  0.6
Armour         | |  0.7
Dodging        | |  1.5
Spellcasting   | |  2.0
Translocations | |  3.0

Action                   || total
-------------------------++-------
Melee: Dagger            ||    57
       Tailslap          ||     3
 Abil: Rolling Charge    ||     8
  Use: Scroll            ||     1
Armor: Leather armour    ||    12
Dodge: Dodged            ||    17

Table legend: (Time is in decaauts)
 A = Elapsed time spent in this place.
 B = Non-inter-level travel time spent in this place.
 C = Inter-level travel time spent in this place.
 D = Time resting spent in this place.
 E = Time spent auto-exploring this place.
 F = Levels seen in this place.
 G = Mean time per level.
                   A        B        C        D        E       F      G
               +--------+--------+--------+--------+--------+-----+--------+
         Total |   1118 |   1055 |     63 |    190 |    740 |   2 |  559.0 |
       Dungeon |   1118 |   1055 |     63 |    190 |    740 |   2 |  559.0 |
               +--------+--------+--------+--------+--------+-----+--------+

Top non-repeatable levels by time:
     D:1: 1088 daAuts
     D:2: 29 daAuts
